 Dungeon Crawl Stone Soup version 0.31-a0-233-g139696dc86 (webtiles) character file.

Game seed: 8338634086722625937

38 porpoise the Magician (level 3, -1/28 HPs)
             Began as a Djinni Fire Elementalist on July 8, 2023.
             Killed by nerve-wracking pain
             ... invoked by Grinder
              (12 damage)
             ... on level 3 of the Dungeon.
             The game lasted 00:03:43 (1056 turns).

porpoise the Magician (Djinni Fire Elementalist)    Turns: 1056, Time: 00:03:44

Health: -1/28      AC:  2    Str:  7    XL:     3   Next: 65%
Gold:   47         EV: 12    Int: 18    God:
                   SH:  0    Dex: 13

rFire   + + .        a - +0 short sword
rCold   x . .        (no shield)
rNeg    . . .        b - +0 robe
rPois   ∞            (no helmet)
rElec   .            (no cloak)
rCorr   .            (no gloves)
SInv    .            (boots unavailable)
Will    .....        (no amulet)
Stlth   ++           (no ring)
HPRegen 0.24/turn    (no ring)
MPRegen 0.00/turn

%: infuse magic (-2 HP)
@: flying
A: sickness immunity, fire resistance 2, cold vulnerability 1, float, innate
caster, HP casting, extra vitality 1
a: no special abilities


You were on level 3 of the Dungeon.
You visited 1 branch of the dungeon, and saw 4 of its levels.

You collected 47 gold pieces.

Inventory:

Hand Weapons
 a - a +0 short sword (weapon)
Armour
 b - a +0 robe (worn)
Jewellery
 e - a +6 ring of strength
Scrolls
 f - 2 scrolls of identify {unknown}
 h - a scroll of teleportation {unknown}
 i - a scroll of immolation {unknown}
Potions
 c - a potion of heal wounds {unknown}
 d - 3 potions of curing {unknown}
 g - a potion of attraction {unknown}


   Skills:
 + Level 1.9 Fighting
 - Level 2.1 Dodging
 - Level 1.5 Stealth
 + Level 3.4 Spellcasting
 + Level 3.4 Conjurations
 + Level 3.4 Hexes
 + Level 3.4 Summonings
 + Level 3.4 Necromancy
 + Level 3.4 Translocations
 + Level 3.4 Transmutations
 + Level 3.4 Fire Magic
 + Level 3.4 Ice Magic
 + Level 3.4 Air Magic
 + Level 3.4 Earth Magic
 + Level 3.4 Poison Magic


You knew the following spells:

 Your Spells              Type           Power      Damage    Failure   Level
a - Foxfire               Conj/Fire      60%        2x1d7     3%          1
b - Scorch                Fire           30%        2d6       6%          2
c - Volatile Blastmotes   Fire/Tloc      30%        2d12      12%         3
d - Inner Flame           Hex/Fire       15%        N/A       12%         3
e - Flame Wave            Conj/Fire      15%        2d7       36%         4
s - Slow                  Hex            60%        N/A       3%          1
Your spell library was empty.

Dungeon Overview and Level Annotations

Branches:
Dungeon (4/15)
 Temple: D:4-7

Altars:

Annotations:
D:3 Grinder


Innate Abilities, Weirdness & Mutations

You are immune to sickness and miasma.
You are immune to poison.
Your flesh is very heat resistant. (rF++)
You are vulnerable to cold. (rC-)
You float through the air rather than walking.
You learn spells naturally, not from books.
Your magical power is your life essence.
You have superior vitality. (+4 MHP)


Message History

The gnoll is almost dead.
Casting: Foxfire (safe; 4% risk of failure)
Confirm with . or Enter, or press ? or * to list all spells.
You conjure some foxfire!
You barely miss the gnoll.
The gnoll is almost dead.
The foxfire hits the gnoll.
You kill the gnoll!
The foxfire hits Grinder.
Grinder is lightly wounded.
The centaur wields a +0 orcbow.
The centaur shoots an arrow.
The arrow closely misses you.
Grinder blinks!
Casting: Foxfire (safe; 3% risk of failure)
Confirm with . or Enter, or press ? or * to list all spells.
You conjure some foxfire!
You hit Grinder.
Grinder is moderately wounded.
The foxfire hits Grinder.
Grinder is moderately wounded.
The foxfire hits Grinder.
Grinder is heavily wounded.
The centaur unwields a +0 orcbow.
The centaur hits you. The centaur kicks you.
Grinder blinks!
Casting: Foxfire (safe; 3% risk of failure)
Confirm with . or Enter, or press ? or * to list all spells.
You conjure some foxfire!
The centaur hits you.
The centaur kicks you but does no damage.
You hit the centaur but do no damage.
The foxfire hits the centaur but does no damage.
The foxfire hits the centaur.
The centaur is lightly wounded.
The centaur hits you but does no damage.
The centaur kicks you. The centaur hits you.
The centaur kicks you but does no damage.
Casting: Foxfire (safe; 3% risk of failure)
Confirm with . or Enter, or press ? or * to list all spells.
You conjure some foxfire!
The centaur closely misses you. x2
Grinder gestures at you. Pain shoots through your body!
You die...

########
#......#
#......#
#......#
#......#
...###v.§...#
....g.c@§...#
...###v.....#
$.......#
###.5....#
....|....
...(....#.#
#####.#.. .
.#.#.


You could see Grinder, a centaur (ally target) and a gnoll.

Vanquished Creatures
  A gnoll (D:3)
  3 ball pythons (D:1)
  3 endoplasms (D:1)
  5 goblins (D:1)
  3 hobgoblins (D:1)
  3 quokkas (D:1)
  2 bats
  2 frilled lizards
  3 kobolds
25 creatures vanquished.

Vanquished Creatures (others)
  61 foxfires
61 creatures vanquished.

Grand Total: 86 creatures vanquished

Notes
Turn   | Place    | Note
-------+----------+-------------------------------------------
     0 | D:1      | porpoise the Djinni Fire Elementalist began the quest for
                  | the Orb.
     0 | D:1      | porpoise set off with the following spells memorised:
                  | Foxfire, Scorch, Volatile Blastmotes, Inner Flame, Flame
                  | Wave.
     0 | D:1      | Reached XP level 1. HP: 15/15 MP: 0/0
   214 | D:1      | Reached XP level 2. HP: 20/22 MP: 0/0
   435 | D:1      | Reached skill level 1 in Fighting
   518 | D:1      | Reached XP level 3. HP: 26/27 MP: 0/0
   518 | D:1      | Learned a level 1 spell: Slow
  1041 | D:2      | You are sucked into a shaft and drop 2 floors!
  1044 | D:3      | Noticed Grinder
  1047 | D:3      | Noticed a centaur
  1056 | D:3      | Killed from afar by Grinder

Illustrated notes

Levels and vault maps discovered:
D:1:      evilmike_arrival_fibonacci_small, layout_basic
D:2:      layout_loops_ring, corner_web_ring
D:3:      layout_basic, chequers_ecumenical_altar_island, minivault_27,
          uniq_natasha, uniq_grinder, uniq_sigmund, uniq_robin
D:4:      layout_loops_cross, old_standard_altar, serial_shops, shop,
          nicolae_shop_self_help

Skill      XL: |  1  2 |
---------------+-------+-----
Spellcasting   | |  3.4
Conjurations   | |  3.4
Hexes          | |  3.4
Summonings     | |  3.4
Necromancy     | |  3.4
Translocations | |  3.4
Transmutations | |  3.4
Fire Magic     | |  3.4
Ice Magic      | |  3.4
Air Magic      | |  3.4
Earth Magic    | |  3.4
Poison Magic   | |  3.4
Fighting       | 1 |  1.9
Dodging        | |  2.1
Stealth        | |  1.5

Action                     || total
---------------------------++-------
  Melee: Short sword       ||    10
   Cast: Foxfire           ||    37
         Scorch            ||     2
         Slow              ||     1
         Volatile Blastmot ||     1
   Stab: Sleeping          ||     1
 Armour: Robe              ||    11
  Dodge: Dodged            ||     9

Table legend: (Time is in decaauts)
 A = Elapsed time spent in this place.
 B = Non-inter-level travel time spent in this place.
 C = Inter-level travel time spent in this place.
 D = Time resting spent in this place.
 E = Time spent auto-exploring this place.
 F = Levels seen in this place.
 G = Mean time per level.
                   A        B        C        D        E       F      G
               +--------+--------+--------+--------+--------+-----+--------+
         Total |   1054 |   1027 |     27 |    144 |    727 |   4 |  263.5 |
       Dungeon |   1054 |   1027 |     27 |    144 |    727 |   4 |  263.5 |
               +--------+--------+--------+--------+--------+-----+--------+

Top non-repeatable levels by time:
     D:1: 832 daAuts
     D:2: 207 daAuts
     D:3: 11 daAuts
     D:4: 2 daAuts
